 Dungeon Crawl Stone Soup version 0.28-b1-25-g9875b3fc8c (webtiles) character file.

Game seed: 9559900819545413506

2600 raph the Firebug (level 9, -5/49 HPs)
             Began as a Deep Elf Fire Elementalist on Feb 4, 2022.
             Was a Believer of Sif Muna.
             Engulfed by a cloud of flame (15 damage)
             ... on level 6 of the Dungeon.
             The game lasted 00:14:33 (8642 turns).

raph the Firebug (Deep Elf Fire Elementalist)       Turns: 8642, Time: 00:14:34

Health: -5/49      AC:  7    Str:  5    XL:     9   Next: 33%
Magic:  15/19      EV: 14    Int: 25    God:    Sif Muna [**....]
Gold:   412        SH:  0    Dex: 15    Spells: 5/19 levels left

rFire   . . .      SeeInvis .   e - +1 falchion (protect)
rCold   . . .      Faith    .   (no shield)
rNeg    . . .      Spirit   .   x - +0 steam dragon scales
rPois   .          Reflect  .   (no helmet)
rElec   .          Harm     .   h - +0 cloak
rCorr   .          Rampage  .   (no gloves)
Will    .....                   f - +0 pair of boots
Stlth   +++.......              (no amulet)
HPRegen 0.16/turn               c - ring of flight
MPRegen 0.16/turn               (no ring)

@: flying
A: no striking features
a: Renounce Religion, Channel Magic


You were on level 6 of the Dungeon.
You worshipped Sif Muna.
Sif Muna was pleased with you.
You visited 2 branches of the dungeon, and saw 7 of its levels.

You collected 412 gold pieces.

Inventory:

Hand Weapons
 e - a +1 falchion of protection (weapon)
Missiles
 i - 10 poisoned darts
 j - 3 throwing nets
Armour
 a - a +0 robe
 f - a +0 pair of boots (worn)
 h - a +0 cloak (worn)
 x - +0 steam dragon scales (worn)
Jewellery
 c - a ring of flight (left hand)
Wands
 s - a wand of acid (4)
Scrolls
 k - a scroll of amnesia
 m - 2 scrolls of blinking
 q - a scroll of fear
 r - 2 scrolls of magic mapping
 t - a scroll of teleportation
 v - 2 scrolls of identify
 w - a scroll of silence
Potions
 b - a potion of brilliance
 d - a potion of haste
 g - 3 potions of lignification
 l - a potion of mutation {unknown}
 n - a potion of degeneration {unknown}
 o - 2 potions of berserk rage {unknown}
 p - a potion of cancellation {unknown}
 u - a potion of ambrosia {unknown}


   Skills:
 + Level 2.9 Fighting
 + Level 5.2 Dodging
 + Level 5.5 Stealth
 + Level 5.7 Spellcasting
 + Level 6.5 Conjurations
 + Level 7.4 Fire Magic
 * Level 5.8 Invocations


You had 5 spell levels left.
You knew the following spells:

 Your Spells              Type           Power      Damage    Failure   Level
a - Foxfire               Conj/Fire      100%       2x1d9     1%          1
b - Scorch                Fire           88%        2d9       1%          2
c - Conjure Flame         Conj/Fire      42%        6-21      1%          3
d - Magic Dart            Conj           100%       1d8       1%          1
e - Inner Flame           Hex/Fire       25%        N/A       4%          3
f - Flame Wave            Conj/Fire      42%        2d9       4%          4

Your spell library contained the following spells:

 Spells                   Type           Power      Damage    Failure   Level


Dungeon Overview and Level Annotations

Branches:
Dungeon (6/15)             Temple (1/1) D:4

Altars:
Ashenzari
Fedhas
Kikubaaqudgha
Sif Muna
Vehumet
Wu Jian
Xom

Shops:
D:4 =

Annotations:
D:6 Edmund


Message History

You start resting.
Magic restored.
Items here: ))) [ †.
Things that are here:
a +0 spear; a gnoll corpse
Items here: ))) [ †.
Okay, then.
Things that are here:
a +0 spear; a gnoll corpse
Things that are here:
a +0 spear; a gnoll corpse You see here a scarf of shadows.
Things that are here:
a +0 spear; a gnoll corpse
Things that are here:
a +0 spear; a gnoll corpse
j - 3 throwing nets (gained 1)
There is an open door here.
Things that are here:
a +0 robe; a +0 scythe
There is an open door here.
A shadow imp comes into view.
Found 9 gold pieces and 6 poisoned darts.
The shadow imp shouts!
A wyvern comes into view.
The wyvern hisses angrily.
An ice beast comes into view.
Casting: Flame Wave (dangerous; 4% risk of failure)
Confirm with . or Enter, or press ? or * to list all spells.
Casting: Flame Wave (dangerous; 4% risk of failure)
Press: ? - help, Dir - look around, f - activate A wave of flame ripples out!
The tree burns like a torch! (Press . to intensify the flame waves.)
You are engulfed in blazing flames.
The wyvern is engulfed in a forest fire. x2
The wyvern bites you!
* * * LOW HITPOINT WARNING * * *
The forest fire spreads! x2
You are engulfed in blazing flames.
You die...

...............#####...........#
...[...........# ####........#
...............# ##########
..........###### ♣♣♣♣♣♣♣##
..........# ♣♣♣♣♣.♣.♣....
.###....### ♣♣♣........♣.♣♣ .#
#.#### ♣♣♣..♣♣♣.....♣♣.♣ .# #.#
♣§♣♣♣♣..♣♣♣ ♣..(...... .###.#
♣§§§@♣♣♣ ♣♣...♣♣♣♣♣ .....#
♣§§l♣♣ ♣♣♣♣...♣ ####.# ♣§§§§
♣.....♣♣♣♣ #.# ♣§♣♣♣♣
♣.♣♣♣♣....♣♣♣ ### .Y5 ♣♣♣♣...♣
...♣ ♣♣... .$.. ♣♣♣. ..(♣ ♣♣
♣♣♣♣


You could see a wyvern, an ice beast and a shadow imp.

Vanquished Creatures
  Maggie (D:6)
  Grinder (D:6)
  Sigmund (D:6)
  Eustachio (D:4)
  2 water moccasins (D:6)
  3 ogres (D:5)
  A necrophage (D:4)
  A phantom (D:5)
  2 centaurs (D:6)
  A gnoll sergeant (D:6)
  A wyvern zombie (D:5)
  Blork the orc (D:6)
  A water moccasin zombie (D:6)
  4 scorpions
  2 howler monkeys
  A bullfrog zombie (D:5)
  A bullfrog skeleton (D:6)
  2 hounds (D:6)
  An orc priest (D:3)
  A jelly (D:4)
  2 iguanas
  A howler monkey zombie (D:6)
  11 gnolls
  6 adders
  4 dart slugs
  6 orcs
  7 bats
  14 endoplasms
  4 giant cockroaches
  6 goblins
  8 hobgoblins
  4 jackals (D:1)
  9 kobolds
  4 quokkas
  5 ball pythons
  5 frilled lizards
  8 rats
133 creatures vanquished.

Vanquished Creatures (others)
  430 foxfires
430 creatures vanquished.

Grand Total: 563 creatures vanquished

Notes
Turn   | Place    | Note
-------+----------+-------------------------------------------
     0 | D:1      | raph the Deep Elf Fire Elementalist began the quest for the
                  | Orb.
     0 | D:1      | Reached XP level 1. HP: 10/10 MP: 6/6
   323 | D:1      | Reached XP level 2. HP: 15/15 MP: 5/8
   397 | D:1      | Learned a level 2 spell: Scorch
   942 | D:1      | Reached skill level 4 in Fire Magic
   967 | D:1      | Reached XP level 3. HP: 19/19 MP: 4/9
   971 | D:1      | Learned a level 3 spell: Conjure Flame
  2151 | D:2      | Reached XP level 4. HP: 24/24 MP: 7/10
  2510 | D:3      | Found an ancient bone altar of Kikubaaqudgha.
  2512 | D:3      | Found a shimmering blue altar of Sif Muna.
  2518 | D:3      | Found a radiant altar of Vehumet.
  2525 | D:3      | Got Vehumet's Collected Works on Conjuration
  2533 | D:3      | Became a worshipper of Sif Muna the Loreminder
  2598 | D:3      | Found a faded altar of an unknown god.
  2623 | D:3      | Learned a level 1 spell: Magic Dart
  3002 | D:3      | Reached skill level 5 in Fire Magic
  3206 | D:3      | Reached XP level 5. HP: 23/28 MP: 6/11
  3353 | D:3      | Found a shimmering altar of Xom.
  3354 | D:3      | Found a blossoming altar of Fedhas.
  3459 | D:4      | Noticed a necrophage
  3459 | D:4      | Found Tilalobi's Jewellery Shop.
  3466 | D:4      | Killed a necrophage
  3511 | D:4      | Reached XP level 6. HP: 29/32 MP: 7/12
  3585 | D:4      | Reached * piety under Sif Muna
  3855 | D:4      | Reached skill level 5 in Conjurations
  3855 | D:4      | Reached skill level 6 in Fire Magic
  3925 | D:4      | Found a staircase to the Ecumenical Temple.
  4644 | D:4      | Noticed Eustachio
  4842 | Temple   | Entered the Ecumenical Temple
  5109 | D:4      | Killed Eustachio
  5110 | D:4      | Reached skill level 1 in Invocations
  5110 | D:4      | Reached XP level 7. HP: 18/37 MP: 3/14
  5319 | D:5      | Entered Level 5 of the Dungeon
  5372 | D:5      | Reached skill level 1 in Fighting
  5466 | D:5      | Learned a level 3 spell: Inner Flame
  6077 | D:5      | Reached XP level 8. HP: 43/43 MP: 8/16
  6445 | D:5      | Learned a level 4 spell: Flame Wave
  6610 | D:6      | Noticed Sigmund
  6761 | D:6      | Killed Sigmund
  6851 | D:6      | Noticed Maggie
  6869 | D:6      | Noticed Blork the orc
  6874 | D:6      | Killed Blork the orc
  7160 | D:6      | Reached skill level 5 in Spellcasting
  7167 | D:6      | Reached ** piety under Sif Muna
  7168 | D:6      | Reached skill level 7 in Fire Magic
  7429 | D:6      | Reached skill level 5 in Stealth
  7646 | D:6      | Reached skill level 5 in Invocations
  7707 | D:6      | Noticed Grinder
  7712 | D:6      | Killed Grinder
  7713 | D:6      | Reached XP level 9. HP: 46/49 MP: 13/19
  7919 | D:6      | Noticed Edmund
  8030 | D:6      | Reached skill level 5 in Dodging
  8035 | D:6      | Killed Maggie
  8642 | D:6      | Engulfed by a cloud of flame

Illustrated notes

Levels and vault maps discovered:
D:1:      dpeg_arrival_arbitrary_a, layout_rooms, serial_bayou_pond_b,
          kennysheep_pointless_box, hangedman_decor_riveting,
          hangedman_abyss_or_decor_lesser_grid
D:2:      layout_basic
D:3:      layout_rooms, grunt_temple_overflow_magic_moments,
          nicolae_overflow_squiral, shapermc_ecumenical_altar_totnotflames,
          chequers_serial_rivers_micro_a
D:4:      layout_loops_ring, minmay_temple_entry_grid, serial_shops, shop,
          uniq_eustachio
D:5:      layout_basic, corexii_leaking_fountain, corexii_corridor_pit,
          st_stairs_6
D:6:      kb_forest_paths, layout_basic, uniq_edmund, uniq_grinder,
          uniq_sigmund, uniq_blork_the_orc, uniq_maggie
Temple:   nicolae_temple_god_jail

Skill      XL: |  1  2  3  4  5  6  7  8  9 |
---------------+----------------------------+-----
Conjurations   | 2 3 4 5 6 |  6.5
Fire Magic     | 4 5 6 7 |  7.4
Stealth        | 3 4 5 |  5.5
Invocations    | 1 3 5 |  5.8
Fighting       | 1 2 |  2.9
Dodging        | 3 4 5 |  5.2
Spellcasting   | 4 5 |  5.7

Action                   |  1- 3 |  4- 6 |  7- 9 || total
-------------------------+-------+-------+-------++-------
Melee: Falchion          |    12 |    22 |     9 ||    43
       Punch             |       |       |     1 ||     1
 Cast: Foxfire           |    71 |   109 |    92 ||   272
       Scorch            |     7 |    16 |    21 ||    44
       Conjure Flame     |       |       |     3 ||     3
       Flame Wave        |       |       |    10 ||    10
       Inner Flame       |       |       |     1 ||     1
Invok: Channel Magic     |       |       |     1 ||     1
  Use: Scroll            |     5 |     3 |     4 ||    12
       Potion            |       |       |     1 ||     1
 Stab: Sleeping          |     2 |       |       ||     2
Armor: Robe              |     3 |    30 |    14 ||    47
Dodge: Dodged            |    23 |    34 |    35 ||    92
